 Dungeon Crawl Stone Soup version 0.31.0-12-g77e489cdc1 (webtiles) character file.

Game seed: 5661109856640164905

6708 McKennaii the Destroyer (level 10, -1/69 HPs)
             Began as a Demigod Conjurer on Feb 24, 2024.
             Slain by a komodo dragon (29 damage)
             ... on level 10 of the Dungeon.
             The game lasted 00:15:40 (11749 turns).

McKennaii the Destroyer (Demigod Conjurer)         Turns: 11749, Time: 00:15:40

Health: -1/69      AC:  7    Str:  8    XL:     10   Next: 46%
Magic:  11/28      EV: 12    Int: 32    God:
Gold:   90         SH:  0    Dex: 15    Spells: 22/29 levels left

rFire   . . .        A - +4 trident (drain)
rCold   + + +        (no shield)
rNeg    . . .        a - +0 robe
rPois   .            s - +2 helmet of Beloved Beauty {rElec rC+++ Dex+3 Stlth-}
rElec   +            r - +0 cloak
rCorr   .            (no gloves)
SInv    +            n - +0 pair of boots
Will    +....        I - amulet of the acrobat
Stlth   +            y - ring of see invisible
HPRegen 0.31/turn    (no ring)
MPRegen 0.21/turn

%: acrobat
@: no status effects
A: high MP 1, forlorn, divine attributes
a: no special abilities


You were on level 10 of the Dungeon.
You visited 1 branch of the dungeon, and saw 11 of its levels.
You also visited: Bailey.

You collected 375 gold pieces.
You spent 285 gold pieces at shops.

Inventory:

Hand Weapons
 l - a +4 broad axe of electrocution
 A - a +4 trident of draining (weapon)
Missiles
 x - a throwing net
Armour
 a - a +0 robe (worn)
 n - a +0 pair of boots (worn)
 r - a +0 cloak (worn)
 s - the +2 helmet of Beloved Beauty (worn) {rElec rC+++ Dex+3 Stlth-}
   (You found it on level 3 of the Dungeon)

   Dex+3:     It affects your dexterity (+3).
   rC+++:     It renders you almost immune to cold.
   rElec:     It insulates you from electricity.
   Stlth-:    It makes you less stealthy.
 B - a +2 scale mail of positive energy
Magical Staves
 p - a staff of fire
Jewellery
 w - the amulet of Elemental Vulnerability {rPois rF-- rC-- AC+8}
   (You found it on level 4 of the Dungeon)

   [amulet of nothing]

   AC+8:      It affects your AC (+8).
   rF--:      It makes you very vulnerable to fire.
   rC--:      It makes you very vulnerable to cold.
   rPois:     It protects you from poison
 y - a ring of see invisible (left hand)
 F - a ring of fire
 I - an amulet of the acrobat (around neck)
 J - a ring of willpower
Scrolls
 c - 3 scrolls of revelation {unknown}
 f - 14 scrolls of identify {unknown}
 i - 3 scrolls of blinking {unknown}
 j - a scroll of silence {unknown}
 m - 3 scrolls of noise {unknown}
 o - 2 scrolls of poison {unknown}
 t - 8 scrolls of teleportation {unknown}
 u - 2 scrolls of fear {unknown}
 G - a scroll of fog {unknown}
 H - a scroll of brand weapon {unknown}
Potions
 b - 4 potions of magic
 d - 7 potions of heal wounds
 e - 5 potions of curing {unknown}
 g - 4 potions of might {unknown}
 h - 2 potions of berserk rage {unknown}
 k - 2 potions of ambrosia
 q - a potion of brilliance {unknown}
 v - 3 potions of mutation {unknown}
 z - 4 potions of lignification
 C - a potion of experience {unknown}
 D - 2 potions of invisibility {unknown}
 E - a potion of haste {unknown}


   Skills:
 - Level 1.7 Dodging
 - Level 1.7 Stealth
 + Level 10.0 Spellcasting
 + Level 11.3 Conjurations


You had 22 spell levels left.
You knew the following spells:

 Your Spells              Type           Power      Damage    Failure   Level
a - Magic Dart            Conj           100%       1d8       1%          1
b - Searing Ray           Conj           100%       2d8       1%          2
c - Iskenderun's Mystic   Conj/Tloc      51%        2d11      3%          4

Your spell library contained the following spells:

 Spells                   Type           Power      Damage    Failure   Level
 Sting                    Conj/Alch      100%       1d9       1%          1
 Momentum Strike          Conj/Tloc      100%       3d10      1%          2
 Apportation              Tloc           32%        N/A       3%          1
 Necrotise                Necr           64%        1d7       3%          1
 Summon Small Mammal      Summ           64%        N/A       3%          1
 Flame Wave               Conj/Fire      51%        2d13      3%          4
 Fulminant Prism          Conj/Alch      25%        3d14      3%          4
 Blink                    Tloc           32%        N/A       4%          2
 Jinxbite                 Hex            32%        N/A       4%          2
 Lesser Beckoning         Tloc           32%        N/A       4%          2
 Scorch                   Fire           32%        2d6       4%          2
 Confusing Touch          Hex            16%        N/A       9%          3
 Animate Dead             Necr           16%        N/A       30%         4
 Cause Fear               Hex            8%         N/A       30%         4
 Alistair's Intoxication  Alch           10%        N/A       63%         5
 Borgnjor's Vile Clutch   Necr/Erth      8%         N/A       63%         5
 Summon Cactus Giant      Summ           8%         N/A       99%         6
 Haunt                    Necr/Summ      8%         N/A       100%        7
 Infestation              Necr           8%         N/A       100%        8


Dungeon Overview and Level Annotations

Branches:
Dungeon (11/15)            Temple (0/1) D:5          Bailey (visited)
   Lair: D:8-11         Orc: D:9-12

Shops:
D:3 (   D:5 *   D:8 (!(   D:10 =

Annotations:
D:8 1 runed translucent door, billyroblox's ghost, journeyman TrBe
D:11 Fannar


Innate Abilities, Weirdness & Mutations

You have an increased reservoir of magic. (+10% MP)
You shall have no god before yourself.
Your divine heritage dramatically boosts your attributes as you level up.


Message History

Press: ? - help, Shift-Dir - straight line, f - komodo dragon
Aim: a komodo dragon (87% to hit)
The searing ray hits the komodo dragon.
The komodo dragon is lightly wounded. (Press . to maintain the ray.)
The gnoll sergeant shoots a sling bullet.
The sling bullet hits you.
The searing ray hits the komodo dragon.
The komodo dragon is lightly wounded.
The searing ray hits the komodo dragon!
The komodo dragon is moderately wounded.
The komodo dragon completely misses you.
The gnoll sergeant shoots a sling bullet.
The sling bullet hits you.
Unknown command.
The searing ray hits the komodo dragon!
The komodo dragon is heavily wounded.
You finish channelling your searing ray.
The komodo dragon bites you!!
The gnoll sergeant shoots a sling bullet.
The sling bullet completely misses you.
Unknown command.
The komodo dragon attacks as it pursues you!
The komodo dragon closely misses you.
The gnoll sergeant shoots a sling bullet.
The sling bullet completely misses you.
The komodo dragon attacks as it pursues you!
The komodo dragon misses you.
Casting: Searing Ray (safe; 1% risk of failure)
Confirm with . or Enter, or press ? or * to list all spells.
Aiming: Searing Ray (safe; 1% risk of failure)
Press: ? - help, Shift-Dir - straight line, f/p - komodo dragon
Aim: a komodo dragon (heavily wounded, 87% to hit)
The searing ray hits the komodo dragon!
The komodo dragon is severely wounded.
The searing ray hits the gnoll sergeant.
The gnoll sergeant is moderately wounded. (Press . to maintain the ray.)
The komodo dragon bites you!!
You die...

..#####~~~≈ ♣~
..........~#.
#.......##).
#.......##.#
#.......##.# ##
#....>..##.# .#
#..#..........# ##
#..#.......##.#
#..#.......##@#
####..#.......##l#
..##.....#######.#
#.###.##.........##
#...#.###.....).g.#
............).....#
###...###..~...~.##
##..# #......$.#
#....).....).##


You could see a komodo dragon and a gnoll sergeant.

Vanquished Creatures
  A gargoyle (Bailey)
  Jeremiah (D:6)
  Grinder (D:3)
  A vampire (Bailey)
  Grum (D:8)
  Edmund (D:6)
  A water moccasin (D:6)
  4 orc warriors
  2 sky beasts (D:7)
  3 ice beasts
  2 black bears
  3 ogres
  2 wolves (D:8)
  5 centaurs
  3 kobold brigands
  A bullfrog (D:6)
  A gnoll sergeant (D:8)
  6 scorpions (D:5)
  10 wights (D:8)
  Dowan (D:6)
  4 killer bees (D:7)
  2 howler monkeys (D:7)
  7 wolf zombies (Bailey)
  8 vampire bats (Bailey)
  5 jellies
  6 hounds
  A bombardier beetle (D:5)
  7 orc priests
  A sleepcap (D:6)
  3 iguanas
  10 orc wizards
  15 gnolls
  16 adders
  3 shadow imps
  2 white imps
  3 ufetubi (D:6)
  2 dart slugs
  4 ribbon worms
  47 orcs
  15 bats
  11 endoplasms
  4 giant cockroaches
  16 goblins
  10 hobgoblins
  25 kobolds
  6 quokkas
  10 ball pythons
  2 frilled lizards
  23 orc zombies (Bailey)
  4 rats
322 creatures vanquished.

Notes
Turn   | Place    | Note
-------+----------+-------------------------------------------
     0 | D:1      | McKennaii the Demigod Conjurer began the quest for the Orb.
     0 | D:1      | Reached XP level 1. HP: 14/14 MP: 5/5
   309 | D:1      | Reached XP level 2. HP: 20/20 MP: 0/7
   620 | D:1      | Reached skill level 4 in Conjurations
  1075 | D:1      | Learned a level 2 spell: Searing Ray
  1313 | D:2      | Reached XP level 3. HP: 26/26 MP: 6/9
  2035 | D:2      | Reached XP level 4. HP: 33/33 MP: 7/11
  2855 | D:3      | Found Pegoivun's Weapon Shop.
  2917 | D:3      | Reached XP level 5. HP: 33/38 MP: 7/13
  2954 | D:3      | Reached skill level 5 in Conjurations
  3166 | D:3      | Identified the +2 helmet of Beloved Beauty {rElec rC+++
                  | Dex+3 Stlth-}
  3418 | D:3      | Noticed Grinder
  3424 | D:3      | Paralysed by Grinder for 2 turns
  3437 | D:3      | Killed Grinder
  3438 | D:3      | Reached XP level 6. HP: 13/45 MP: 0/15
  3825 | D:4      | Learned a level 4 spell: Iskenderun's Mystic Blast
  3847 | D:4      | Reached skill level 6 in Conjurations
  4054 | D:4      | Found the amulet of Elemental Vulnerability {rPois rF--
                  | rC-- AC+8}
  4086 | D:4      | Reached XP level 7. HP: 50/50 MP: 8/17
  4379 | D:4      | Reached skill level 5 in Spellcasting
  4936 | D:5      | Entered Level 5 of the Dungeon
  4936 | D:5      | Found Sirox's Assorted Antiques.
  5252 | D:4      | Reached skill level 7 in Conjurations
  5506 | D:5      | Bought a scroll labelled FIPTOECADO for 21 gold pieces
  5506 | D:5      | Bought a bubbling green potion for 18 gold pieces
  5506 | D:5      | Bought 2 scrolls labelled NOACUY OGYSTRA for 42 gold pieces
  5670 | D:5      | Reached XP level 8. HP: 57/57 MP: 14/20
  6009 | D:5      | Reached skill level 8 in Conjurations
  6199 | D:5      | Found a staircase to the Ecumenical Temple.
  6603 | D:6      | Noticed Edmund
  6611 | D:6      | Killed Edmund
  7119 | D:6      | Reached XP level 9. HP: 62/62 MP: 20/24
  7263 | D:6      | Identified the +8 orcbow of the Modern God {heavy, rCorr}
  7287 | D:6      | Noticed Dowan
  7289 | D:6      | Noticed Jeremiah
  7334 | D:6      | Killed Jeremiah
  7335 | D:6      | Reached skill level 9 in Conjurations
  7462 | D:6      | Killed Dowan
  7892 | D:7      | Got the Compilation of the Scorpion
  8481 | D:7      | Found a flagged portal.
  8492 | Bailey   | Entered a bailey
  8789 | Bailey   | Reached skill level 10 in Conjurations
  8844 | Bailey   | Noticed a gargoyle
  8856 | Bailey   | Killed a gargoyle
  9077 | Bailey   | Identified the +0 robe of Dramatic Exits {*Corrode Int+3
                  | SInv}
  9339 | Bailey   | Reached XP level 10. HP: 59/69 MP: 27/27
 10066 | D:8      | Noticed Grum
 10072 | D:8      | Killed Grum
 10439 | D:8      | Reached skill level 11 in Conjurations
 10570 | D:8      | Found Rigg's Weapon Shoppe.
 10834 | D:8      | Found Zeare's Distillery.
 10843 | D:8      | Bought a potion of degeneration for 12 gold pieces
 10845 | D:8      | Bought a potion of ambrosia for 96 gold pieces
 10845 | D:8      | Bought a potion of magic for 96 gold pieces
 10854 | D:8      | Found Cuagres's Weapon Emporium.
 11074 | D:8      | Found a runed translucent door.
 11074 | D:8      | Noticed billyroblox's ghost (journeyman TrBe)
 11079 | D:8      | Identified the +8 trident of the Red God {flame, ^Drain
                  | rF+++ rN+ SInv}
 11392 | D:9      | Reached skill level 10 in Spellcasting
 11477 | D:9      | Noticed a great orb of eyes
 11495 | D:9      | You fall into a shaft and drop 2 floors!
 11496 | D:11     | Noticed Fannar
 11504 | D:11     | Noticed a two-headed ogre
 11511 | D:10     | Entered Level 10 of the Dungeon
 11511 | D:10     | Found Veokapn's Jewellery Emporium.
 11728 | D:10     | Identified the +6 dagger "Isui" {spect, rElec rF+ SInv}
 11749 | D:10     | Slain by a komodo dragon

Illustrated notes

Levels and vault maps discovered:
D:1:      eino_arrival_cavern_e, layout_loops_ring
D:2:      layout_basic, minmay_misc_feat_diagonals, minmay_shallow_snake_nest
D:3:      minmay_wonky_spiral, layout_basic, serial_shops,
          nicolae_shop_just_a_little_nook, kennysheep_decorative_pillar,
          minmay_checkerbox, uniq_grinder
D:4:      layout_layer_cave, minmay_misc_feat_plants, kennysheep_generic_room_9
D:5:      old_forge, layout_rooms, minmay_temple_entry_large_hall, serial_shops,
          nicolae_shop_overgrown_old_shop, hangedman_decor_peaks_small
D:6:      layout_basic, chei_slow_surprise, minmay_circle_x, uniq_edmund,
          uniq_jeremiah, uniq_duvessa
D:7:      layout_rooms, nemelex_dance_club_becter, enter_bailey_3
D:8:      layout_rooms, grunt_temple_overflow_magic_moments, serial_shops, shop,
          shop, shop, ebering_ghost_funeral_grove, uniq_grum
D:9:      gammafunk_jiyva_shrine, layout_irregular_city,
          chequers_temple_overflow_minitemple, amethyst_overflow_temple_binary
D:10:     layout_rooms, nicolae_trove_entry_crystal, serial_rivers,
          chequers_serial_rivers_micro_c, chequers_serial_rivers_marsh,
          chequers_serial_rivers_room_b, chequers_serial_rivers_micro_a,
          chequers_serial_rivers_micro_c, serial_shops,
          nicolae_shop_gaudy_bauble, uniq_maggie
D:11:     layout_loops_cross, erik_lair_island, david_orc_2, wad_dig_loot,
          uniq_fannar, uniq_maurice, uniq_psyche

Skill      XL: |  1  2  3  4  5  6  7  8  9 10 |
---------------+-------------------------------+-----
Spellcasting   | 2 3 4 6 7 9 10 | 10.0
Conjurations   | 4 5 6 7 8 10 11 | 11.3
Dodging        | |  1.7
Stealth        | |  1.7

Action                     |  1- 3 |  4- 6 |  7- 9 | 10-12 || total
---------------------------+-------+-------+-------+-------++-------
  Melee: Unarmed           |     9 |       |       |       ||     9
         Dagger            |       |     4 |    27 |       ||    31
         Trident           |       |       |    50 |     6 ||    56
         Punch             |       |       |     1 |       ||     1
   Cast: Magic Dart        |   112 |    66 |   236 |    84 ||   498
         Searing Ray       |     3 |    15 |    58 |    29 ||   105
         Iskenderun's Myst |       |       |    24 |    25 ||    49
    Use: Potion            |       |       |       |     1 ||     1
 Armour: Robe              |    17 |    11 |   190 |    58 ||   276
  Dodge: Dodged            |    28 |     4 |   171 |    61 ||   264
